 Dungeon Crawl Stone Soup version 0.20-a0-472-g5c05303 (webtiles) character file.

225920 Ijustatesigmund the Unseen (level 19, -4/186 HPs)
             Began as a Naga Assassin on Jan 13, 2017.
             Was the Champion of Cheibriados.
             Slain by a ghost moth (6 damage)
             ... on level 2 of the Spider Nest on Jan 14, 2017.
             The game lasted 02:35:49 (37391 turns).

Ijustatesigmund the Unseen (Naga Assassin)         Turns: 37391, Time: 02:35:51

Health: -4/186     AC: 28    Str: 30      XL:     19   Next: 34%
Magic:  0/29       EV: 19    Int: 34 (35) God:    Cheibriados [******]
Gold:   1111       SH: 18    Dex: 34      Spells: 17/18 levels left

rFire  + + .     SeeInvis +     H - +10 short sword "Quyc" {flame, +Inv rC+ Str+4}
rCold  + + +     Gourm    .     a - +4 troll leather armour {Snorg}
rNeg   . . .     Faith    .     n - +4 shield {rF+}
rPois  +         Spirit   +     P - +1 hat "Cosm" {rPois Str-4 Dex+4 Stlth+}
rElec  +         Reflect  .     S - +1 cloak of Starlight {rElec rC+ EV+4 Stlth--}
rCorr  .         Harm     .     k - +2 pair of gloves
MR     ++...                    W - +3 naga barding {Fly}
Stlth  ++++++++..               F - amulet of guardian spirit
                                O - ring "Diuwaq" {rF+ rC+ Int+6 Dex-2}
                                z - ring of stealth

@: exhausted, flying, slowed, very slow
A: see invisible, deformed body, poison resistance, slowness 2, slow metabolism
1, spit poison 1, constrict 1, AC +6
}: 1/15 runes: decaying
a: Spit Poison, Bend Time, Temporal Distortion, Slouch, Step From Time, Renounce
Religion, Evoke Invisibility, Stop Flying


You were on level 2 of the Spider Nest.
You worshipped Cheibriados.
Cheibriados was exalted by your worship.
You were hungry.

You visited 7 branches of the dungeon, and saw 32 of its levels.
You also visited: Sewer and Volcano.

You collected 3036 gold pieces.
You spent 1925 gold pieces at shops.

Inventory:

Hand Weapons
 b - a +4 blowgun
 c - a +5 rapier of venom
 o - the +8 dagger "Gatyrise" {holy, +Inv rF+ MR++}
   (You found it on level 6 of the Dungeon)

   It has been blessed by the Shining One to cause great damage to the undead
   and demons.
   It protects you from fire.
   It affects your resistance to hostile enchantments.
   It lets you turn invisible.
 H - the +10 short sword "Quyc" (weapon) {flame, +Inv rC+ Str+4}
   (You found it on level 8 of the Dungeon)

   It has been specially enchanted to burn those struck by it, causing extra
   injury to most foes and up to half again as much damage against particularly
   susceptible opponents.
   It affects your strength (+4).
   It protects you from cold.
   It lets you turn invisible.
Missiles
 e - 113 poisoned needles
 j - 10 curare-tipped needles
 p - 20 tomahawks (quivered)
Armour
 a - a +4 troll leather armour (worn) {Snorg}
 k - a +2 pair of gloves (worn)
 n - a +4 shield of fire resistance (worn)
 P - the +1 hat "Cosm" (worn) {rPois Str-4 Dex+4 Stlth+}
   (You acquired it on level 4 of the Swamp)

   It affects your strength (-4).
   It affects your dexterity (+4).
   It protects you from poison.
   It makes you more stealthy.
 S - the +1 cloak of Starlight (worn) {rElec rC+ EV+4 Stlth--}
   (You found it on level 1 of the Lair of Beasts)

   It affects your evasion (+4).
   It protects you from cold.
   It insulates you from electricity.
   It makes you much less stealthy.
 W - a +3 naga barding of flying (worn)
Jewellery
 z - a ring of stealth (left hand)
 A - an uncursed ring of protection from magic
 F - an amulet of guardian spirit (around neck)
 O - the ring "Diuwaq" (right hand) {rF+ rC+ Int+6 Dex-2}
   (You bought it in a shop on level 2 of the Orcish Mines)

   [ring of protection from cold]

   It affects your intelligence (+6).
   It affects your dexterity (-2).
   It protects you from fire.
   It protects you from cold.
 V - an uncursed ring of resist corrosion
Wands
 h - a wand of lightning (3/15)
 q - a wand of acid (11/15)
 r - a wand of iceblast (4/15)
 u - a wand of acid (5/15)
 y - a wand of scattershot (4/9)
 C - a wand of clouds (2/9)
 D - a wand of digging (11/24)
Scrolls
 d - a scroll of acquirement
 m - 3 scrolls of immolation
 s - a scroll of amnesia
 B - 2 scrolls of fear
 E - 4 scrolls of teleportation
 M - 12 scrolls of remove curse
 N - a scroll of enchant armour
 Y - 3 scrolls of magic mapping
 Z - a scroll of blinking
Potions
 i - 3 potions of magic
 v - 5 potions of might
 x - 4 potions of agility
 G - 3 potions of resistance
 I - 3 potions of brilliance
 J - 9 potions of curing
 K - 4 potions of cancellation
 X - a potion of mutation
Miscellaneous
 w - a phial of floods
 T - 2 boxes of beasts
 U - a phial of floods
Comestibles
 f - a slice of pizza
 g - 11 bread rations
 l - 14 meat rations
 t - a beef jerky


   Skills:
 + Level 15.0 Fighting
 + Level 13.4 Short Blades
 + Level 11.2 Throwing
 - Level 7.2 Armour
 - Level 7.5 Dodging
 - Level 19.0 Stealth
 - Level 7.1 Shields
 - Level 14.3 Invocations
 - Level 10.9 Evocations


You had 17 spell levels left.
You knew the following spells:

 Your Spells              Type           Power        Failure   Level  Hunger
a - Magic Dart            Conj           #...         12%         1    ##.....


Dungeon Overview and Level Annotations

Branches:
Dungeon (15/15)            Temple (1/1) D:7            Lair (6/6) D:11
  Swamp (4/4) Lair:2       Spider (2/4) Lair:3        Slime (0/5) Lair:6
    Orc (2/2) D:9             Elf (0/3) Orc:2        Vaults (0/5) D:13
 Depths (2/5) D:15

Altars:
Ashenzari
Cheibriados
Dithmenos
Elyvilon
Fedhas
Gozag
Hepliaklqana
Kikubaaqudgha
Makhleb
Nemelex Xobeh
Okawaru
Qazlal
Ru
Sif Muna
Trog
Uskayaw
Vehumet
Xom
Yredelemnul
Zin
The Shining One
Beogh
Jiyva

Shops:
D:6 (   D:9 !   D:10 [   Orc:2 ?(?=*   Depths:1 }

Portals:
Hell: Depths:1
Abyss: Depths:1
Ziggurat: Depths:2


Innate Abilities, Weirdness & Mutations

You cannot wear boots.
Your serpentine skin is tough. (AC +6)
You have supernaturally acute eyesight. (SInv)
Armour fits poorly on your strangely shaped body.
Your system is resistant to poisons. (rPois)
You cover ground very slowly.
You have a slow metabolism.
You can spit poison.
You can use your snake-like lower body to constrict enemies.


Message History

You feel better. The tarantella bites you!
* * * LOW HITPOINT WARNING * * *
You are confused.
The tarantella closely misses you. The ghost moth stares at you.
You feel your power leaking away. The ghost moth closely misses you.
The ghost moth barely misses you.
The ghost moth stings you but does no damage.
The orb spider begins to weave its threads into a brightly glowing ball.
The moth of wrath bites you but does no damage.
The ghost moth stares at you. The ghost moth closely misses you.
The ghost moth completely misses you. The ghost moth misses you.
The tarantella barely misses you.
You feel better. You block the tarantella's attack. The tarantella bites you!
* * * LOW HITPOINT WARNING * * *
The moth of wrath bites you!!
* * * LOW HITPOINT WARNING * * *
The ghost moth stares at you. The ghost moth hits you.
You die...

##...........#
###..........≈.#
#..#(((......^##
#............≈#
##...........≈≈
##............≈#
##.............s#
#.............≈.#
###.s@......[....#
#....yy..........
#.s............^
#.....s^.......
...%...........
.................
......^..........
................
...............


You could see a ghost moth (invisible), a moth of wrath, 2 orb spiders and a
tarantella (berserk).

Vanquished Creatures
  Nikola (Swamp:2)
  the Enchantress (D:15)
  Jorgrun (Swamp:2)
  Rupert (Lair:5)
  A sphinx (Depths:1)
  Kirke (Swamp:3)
  2 thorn hunters
  An iron dragon (Depths:1)
  A frost giant (D:15)
  Aizul (Depths:2)
  7 very ugly things
  3 spriggan defenders (D:15)
  An orc warlord (Orc:2)
  9 stone giants
  The ghost of Feta the Cleaver, a journeyman BaFi of Okawaru (Lair:6)
  Snorg (Lair:5)
  The ghost of Syneil the Destroyer, a journeyman DECj of Vehumet (Lair:5)
  2 great orbs of eyes
  6 ettins
  4 fire dragons
  3 rakshasas
  An ice dragon (D:15)
  3 centaur warriors
  3 spriggan air magi
  3 catoblepae
  27 two-headed ogres
  22 hydras
  A ghost crab (Swamp:3)
  A dancing weapon (Orc:2)
  5 death yaks
  9 alligators
  6 ogre magi
  A deep troll earth mage (Depths:1)
  Urug (D:15)
  A spriggan berserker (D:15)
  3 large abominations (Depths:1)
  A fire crab (Lair:6)
  A hell knight (Volcano)
  3 deep trolls (D:15)
  5 skeletal warriors
  4 spriggan druids
  A glowing orange brain (Depths:1)
  11 swamp dragons
  A wizard (D:13)
  4 unseen horrors
  A shambling mangrove (Swamp:2)
  A deep elf mage (D:13)
  6 orb spiders
  7 orc knights
  17 ugly things
  4 cyclopes
  A manticore (D:14)
  An orc sorcerer (Orc:2)
  A salamander (Depths:1)
  20 slime creatures
  11 wolf spiders
  13 elephants
  7 black mambas
  3 molten gargoyles (Lair:6)
  2 gargoyles
  3 torpor snails
  18 spiny frogs
  3 rime drakes
  5 demonic crawlers (Spider:1)
  3 kobold demonologists
  20 komodo dragons
  A redback zombie (D:14)
  2 yaktaurs (Volcano)
  9 trolls
  A queen bee (shapeshifter) (D:15)
  A polar bear (Lair:4)
  9 hornets
  Grinder (D:4)
  16 jumping spiders
  6 blink frogs
  4 tyrant leeches
  3 dream sheep (Lair:4)
  20 hippogriffs
  4 bog bodies
  23 redbacks
  3 shadows
  5 tarantellas
  A water elemental (D:13)
  Eustachio (D:4)
  A wraith (D:13)
  A centaur simulacrum (D:14)
  2 air elementals
  3 fire bats (Volcano)
  10 spriggans
  10 basilisks
  7 wyverns
  4 hogs (Swamp:3)
  42 yaks
  4 small abominations (Depths:1)
  A hungry ghost (D:7)
  Grum (D:10)
  4 chaos spawn
  5 steam dragons
  28 vampire mosquitoes
  32 swamp worms
  12 wargs
  6 insubstantial wisps (Swamp:4)
  2 acid dragons (D:13)
  2 soldier ants
  24 water moccasins
  5 hell hounds (Lair:6)
  12 porcupines
  6 sky beasts
  50 orc warriors
  16 swamp drakes
  3 phantoms
  2 black bears
  An eye of draining (D:14)
  6 ice beasts
  13 centaurs
  An ogre (shapeshifter) (Depths:2)
  21 ogres
  10 wolves
  17 crocodiles
  5 big kobolds
  30 bullfrogs
  6 earth elementals (Depths:1)
  A hornet simulacrum (D:14)
  6 scorpions
  8 howler monkeys
  4 wights (D:13)
  4 electric eels
  9 lava snakes
  11 crimson imps
  A centaur zombie (D:12)
  18 hounds
  9 jellies
  20 orc priests
  3 bullfrog skeletons
  11 centaur skeletons
  4 iguanas
  27 orc wizards
  A hell rat (Lair:4)
  12 worker ants
  4 hound skeletons
  2 worker ant zombies
  A howler monkey skeleton (D:5)
  21 adders
  9 gnolls
  4 shadow imps
  14 oozes
  15 worms
  2 dart slugs
  14 leopard geckos
  115 orcs
  4 bats
  17 giant cockroaches
  10 goblins
  7 hobgoblins
  21 jackals
  23 kobolds
  6 quokkas
  11 ball pythons
  17 frilled lizards
  A leopard gecko skeleton (D:5)
  A leopard gecko zombie (D:6)
  5 rats
  A briar patch (Swamp:3)
  A plant (D:15)
1304 creatures vanquished.

Vanquished Creatures (others)
  A hydra (Lair:6)
  A deep troll shaman (Depths:1)
  A spriggan druid (Swamp:4)
  A spiny frog (Swamp:2)
  2 slime creatures (Swamp:2)
  A chaos spawn (Depths:1)
  3 briar patches (Swamp:3)
  A bush (Lair:5)
  19 fungi
  28 plants
58 creatures vanquished.

Grand Total: 1362 creatures vanquished

Notes
Turn   | Place    | Note
-------+----------+-------------------------------------------
     0 | D:1      | Ijustatesigmund the Naga Assassin began the quest for the Orb.
     0 | D:1      | Reached XP level 1. HP: 19/19 MP: 1/1
    26 | D:1      | Reached skill level 6 in Stealth
   252 | D:1      | Reached XP level 2. HP: 26/26 MP: 2/2
   795 | D:2      | Reached skill level 7 in Stealth
   830 | D:2      | Reached XP level 3. HP: 22/32 MP: 3/3
  1465 | D:2      | Reached skill level 8 in Stealth
  1515 | D:2      | Reached XP level 4. HP: 22/39 MP: 4/4
  2089 | D:3      | Found a stormy altar of Qazlal.
  2766 | D:4      | Reached XP level 5. HP: 32/46 MP: 5/5
  3050 | D:4      | Noticed Eustachio
  3071 | D:4      | Killed Eustachio
  3071 | D:4      | Reached XP level 6. HP: 7/57 MP: 6/6
  3265 | D:4      | Noticed a phantom
  3348 | D:4      | Killed a phantom
  3464 | D:4      | Reached XP level 7. HP: 52/66 MP: 7/7
  3687 | D:4      | Noticed Grinder
  3694 | D:5      | Entered Level 5 of the Dungeon
  3835 | D:5      | Reached skill level 5 in Short Blades
  3929 | D:5      | Found a glowing silver altar of Zin.
  3952 | D:5      | Found a glowing drain.
  3998 | Sewer    | Entered a sewer
  3999 | Sewer    | Reached skill level 5 in Fighting
  4615 | D:5      | Reached XP level 8. HP: 74/74 MP: 8/8
  5090 | D:5      | Reached skill level 5 in Throwing
  6458 | D:6      | Found Joiwn's Antique Weapon Boutique.
  6474 | D:6      | Bought a glowing rapier for 240 gold pieces
  6560 | D:6      | Reached XP level 9. HP: 75/81 MP: 9/9
  6564 | D:6      | Got an ancient dagger
  6565 | D:6      | Identified the +8 dagger "Gatyrise" {holy, +Inv rF+ MR++} (You found it on level 6 of the Dungeon)
  6613 | D:6      | Reached skill level 1 in Shields
  7163 | D:7      | Found a stormy altar of Qazlal.
  7175 | D:7      | Found a staircase to the Ecumenical Temple.
  7392 | D:7      | Reached skill level 9 in Stealth
  7517 | D:7      | Found a glowing golden altar of the Shining One.
  8029 | D:7      | Found a hazy altar of Hepliaklqana.
  8038 | D:7      | Found a bloodstained altar of Trog.
  8089 | D:7      | Reached skill level 10 in Stealth
  8120 | Temple   | Entered the Ecumenical Temple
  8200 | Temple   | Became a worshipper of Cheibriados the Contemplative
  8294 | D:5      | Reached skill level 1 in Invocations
  8575 | D:4      | Killed Grinder
  8616 | D:4      | Reached XP level 10. HP: 92/92 MP: 11/11
  8635 | D:4      | Reached * piety under Cheibriados
  9167 | D:8      | Found a shadowy altar of Dithmenos.
  9168 | D:8      | Got a crystal short sword
  9169 | D:8      | Identified the +10 short sword "Quyc" {flame, +Inv rC+ Str+4} (You found it on level 8 of the Dungeon)
  9711 | D:8      | Reached ** piety under Cheibriados
  9965 | D:8      | Reached skill level 1 in Dodging
  9965 | D:8      | Reached skill level 5 in Invocations
 10195 | D:8      | Found an ancient bone altar of Kikubaaqudgha.
 10375 | D:9      | Reached *** piety under Cheibriados
 10377 | D:9      | Noticed a two-headed ogre
 10387 | D:9      | Killed a two-headed ogre
 10656 | D:9      | Found a staircase to the Orcish Mines.
 10686 | D:9      | Reached XP level 11. HP: 45/103 MP: 7/16
 10922 | D:9      | Found Viuskas's Distillery.
 10927 | D:9      | Bought a potion of heal wounds for 55 gold pieces
 10927 | D:9      | Bought a potion of curing for 33 gold pieces
 10927 | D:9      | Bought 2 potions of heal wounds for 110 gold pieces
 10988 | D:9      | Reached **** piety under Cheibriados
 10993 | D:9      | Found a sparkling altar of Nemelex Xobeh.
 11107 | D:9      | Noticed a two-headed ogre
 11116 | D:9      | Killed a two-headed ogre
 11150 | D:10     | Entered Level 10 of the Dungeon
 11266 | D:10     | Noticed Grum
 11268 | D:10     | Killed Grum
 11421 | D:10     | Noticed a two-headed ogre
 11428 | D:10     | Killed a two-headed ogre
 11612 | D:10     | Reached skill level 5 in Shields
 11617 | D:10     | Reached ***** piety under Cheibriados
 11706 | D:10     | Found Mostrocu's Armour Shop.
 11738 | D:11     | Noticed a white ugly thing
 11746 | D:11     | Killed a white ugly thing
 12208 | D:11     | Noticed a cyclops
 12215 | D:11     | Killed a cyclops
 12757 | D:11     | Found a staircase to the Lair.
 12847 | Lair:1   | Entered Level 1 of the Lair of Beasts
 12850 | Lair:1   | Reached XP level 12. HP: 110/110 MP: 19/19
 13341 | Lair:1   | Reached skill level 10 in Invocations
 13977 | Lair:1   | Reached ****** piety under Cheibriados
 14223 | Lair:1   | Reached skill level 10 in Short Blades
 14321 | Lair:2   | Reached skill level 1 in Evocations
 14454 | Lair:2   | Noticed a five-headed hydra
 14460 | Lair:2   | Killed a five-headed hydra
 15076 | Lair:2   | Found a staircase to the Swamp.
 15430 | Lair:2   | Gained mutation: You can use your snake-like lower body to constrict enemies. [Naga growth]
 15430 | Lair:2   | Reached XP level 13. HP: 74/121 MP: 13/20
 16212 | Lair:3   | Reached skill level 5 in Evocations
 16249 | Lair:3   | Found a dark tunnel.
 16261 | Volcano  | Entered a volcano
 16341 | Volcano  | Reached skill level 10 in Fighting
 16518 | Volcano  | Found a radiant altar of Vehumet.
 16536 | Volcano  | Found a burning altar of Makhleb.
 17574 | Lair:3   | Found a hole to the Spider Nest.
 18322 | Lair:4   | Reached skill level 11 in Stealth
 18699 | Lair:5   | Noticed Syneil's ghost (journeyman DECj)
 19064 | Lair:5   | Noticed Snorg
 19099 | Lair:5   | Killed Snorg
 19099 | Lair:5   | Reached skill level 12 in Stealth
 19285 | Lair:5   | Killed Syneil's ghost
 19285 | Lair:5   | Reached skill level 13 in Stealth
 19285 | Lair:5   | Reached XP level 14. HP: 103/139 MP: 15/21
 19359 | Lair:5   | Noticed Rupert
 19375 | Lair:5   | Killed Rupert
 19375 | Lair:5   | Reached skill level 14 in Stealth
 20260 | D:12     | Reached skill level 15 in Stealth
 20684 | D:12     | Reached skill level 16 in Stealth
 21434 | D:13     | Found a blossoming altar of Fedhas.
 21584 | D:13     | Found a gate to the Vaults.
 22077 | D:14     | Found a basalt altar of Yredelemnul.
 22780 | D:15     | Entered Level 15 of the Dungeon
 22785 | D:15     | Noticed Urug
 22798 | D:15     | Killed Urug
 22984 | D:15     | Reached XP level 15. HP: 94/148 MP: 13/22
 23610 | D:15     | Found a staircase to the Depths.
 24473 | Orc:1    | Entered Level 1 of the Orcish Mines
 24657 | Orc:2    | Entered Level 2 of the Orcish Mines
 24683 | Orc:2    | Found a staircase to the Elven Halls.
 25422 | Orc:2    | Found Roiwun's Magic Scroll Boutique.
 25435 | Orc:2    | Noticed an orc warlord
 25576 | Orc:2    | Bought a scroll of recharging for 133 gold pieces
 25622 | Orc:2    | Killed an orc warlord
 25737 | Orc:2    | Found Mesahyop's Assorted Antiques.
 25773 | Orc:2    | Found Jiesu's Jewellery Emporium.
 25850 | Orc:2    | Found a roughly hewn altar of Beogh.
 25921 | Orc:2    | Found Kuni's Weapon Emporium.
 26046 | Orc:2    | Found Ymaewuakh's Magic Scroll Boutique.
 26151 | Orc:2    | Bought a scroll of teleportation for 42 gold pieces
 26151 | Orc:2    | Bought a scroll of blinking for 105 gold pieces
 26151 | Orc:2    | Bought a scroll of blinking for 105 gold pieces
 26352 | Orc:2    | Bought a faintly humming leather armour for 245 gold pieces
 26387 | Orc:2    | Identified the cursed +0 leather armour of Recklessness {rPois MR- Int+9} (You bought it in a shop on level 2 of the Orcish Mines)
 26628 | Orc:2    | Bought 2 scrolls of enchant armour for 210 gold pieces
 26628 | Orc:2    | Bought 2 scrolls of magic mapping for 98 gold pieces
 26628 | Orc:2    | Bought a scroll of identify for 28 gold pieces
 26743 | Orc:2    | Bought the ring "Diuwaq" {rF+ rC+ Int+6 Dex-2} for 521 gold pieces
 27610 | Lair:6   | Entered Level 6 of the Lair of Beasts
 27678 | Lair:6   | Reached XP level 16. HP: 136/159 MP: 20/25
 27892 | Lair:6   | Identified a scroll of acquirement
 28144 | Lair:6   | Found a large runed door.
 28144 | Lair:6   | Found a large runed door.
 28606 | Lair:6   | Noticed Feta's ghost (journeyman BaFi)
 28675 | Lair:6   | Killed Feta's ghost
 28743 | Lair:6   | Found a viscous altar of Jiyva.
 28743 | Lair:6   | Found a staircase to the Slime Pits.
 29095 | Swamp:1  | Entered Level 1 of the Swamp
 29109 | Swamp:1  | Reached skill level 10 in Evocations
 29835 | Swamp:2  | Noticed Jorgrun
 29978 | Swamp:2  | Killed Jorgrun
 30038 | Swamp:2  | Noticed Nikola
 30063 | Swamp:2  | Killed Nikola
 30354 | Swamp:2  | Reached skill level 1 in Armour
 30808 | Swamp:3  | Noticed a thorn hunter
 30832 | Swamp:3  | Killed a thorn hunter
 30832 | Swamp:3  | Reached XP level 17. HP: 69/166 MP: 13/27
 31352 | Swamp:3  | Noticed Kirke
 31373 | Swamp:3  | Killed Kirke
 31429 | Swamp:4  | Entered Level 4 of the Swamp
 31513 | Swamp:4  | Upgraded the game from 0.20-a0-470-gbb038bd to 0.20-a0-472-g5c05303
 31642 | Swamp:4  | Reached skill level 5 in Dodging
 31704 | Swamp:4  | Reached skill level 5 in Armour
 31867 | Swamp:4  | Learned a level 1 spell: Magic Dart
 32363 | Swamp:4  | Got a spiked hat
 32369 | Swamp:4  | Identified the +1 hat "Cosm" {rPois Str-4 Dex+4 Stlth+} (You acquired it on level 4 of the Swamp)
 32592 | Swamp:4  | Got a decaying rune of Zot
 33117 | Depths:1 | Entered Level 1 of the Depths
 33117 | Depths:1 | Noticed the Enchantress
 33199 | D:15     | Killed the Enchantress
 33206 | D:15     | Identified the +0 faerie dragon scales {+Blink rN+ rCorr Dex-3} (You took it off the Enchantress on level 15 of the Dungeon)
 33375 | Depths:1 | Reached XP level 18. HP: 168/175 MP: 25/28
 33674 | D:15     | Reached skill level 17 in Stealth
 34089 | D:15     | Reached skill level 18 in Stealth
 34484 | Depths:1 | Found a one-way gate to the infinite horrors of the Abyss.
 34602 | Depths:1 | Found Megad Kysu's Gadget Boutique.
 34665 | Depths:1 | Found a gateway to Hell.
 34975 | Depths:1 | Paralysed by a great orb of eyes for 5 turns
 35186 | Depths:1 | Reached skill level 19 in Stealth
 35259 | Depths:1 | Reached skill level 10 in Throwing
 35555 | Depths:2 | Reached XP level 19. HP: 32/183 MP: 1/29
 35844 | Depths:2 | Found a gateway to a ziggurat.
 35849 | Depths:2 | Noticed Aizul
 35878 | Depths:2 | Killed Aizul
 36269 | Spider:1 | Entered Level 1 of the Spider Nest
 36881 | Spider:1 | Reached skill level 15 in Fighting
 37391 | Spider:2 | HP: 2/186 [moth of wrath (20)]
 37391 | Spider:2 | Slain by a ghost moth

Vault maps used:
D:1:      co_arrival_random_square_maze
D:2:      grunt_decor_cap
D:3:      grunt_qazlal_sundering
D:4:      uniq_grinder, uniq_eustachio
D:5:      kennysheep_mini, gup_sewer_entry_glass, first_bread
D:6:      serial_shops, nicolae_shop_overgrown_old_shop, nrook_uturn
D:7:      nicolae_overflow_crystal_walls, amethyst_overflow_temple_binary,
          basic_altar
D:8:      kennysheep_little_box, basic_altar, hangedman_little_slice_of_home
D:9:      marbit_many_paths, minmay_orc_entry_guard_dogs, serial_shops, shop,
          wad_floor_pattern_1
D:10:     serial_shops, nicolae_shop_behind_doors, uniq_grum
D:11:     erik_lair_dragon, grunt_ministairs_6, minivault_19
D:12:     serial_bayou_pond_d
D:13:     david_vaults_1, fedhas_altar_2
D:14:     basic_altar
D:15:     grunt_enter_depths_hoard, serial_bayou_pond_c, uniq_urug
Temple:   zaba_magenta_temple
Lair:1:   worms_lemuel, grunt_megastairs_1
Lair:2:   swamp_mist_pool, serial_bayou_lake_a, grunt_megastairs_5
Lair:3:   spider_nest_entry_funnel_web, lightli_volcano_entry_magma_tube,
          infiniplex_staircase_pool
Lair:4:   cheibrodos_lair_reptile_den, grunt_megastairs_3
Lair:5:   nicolae_lair_yak_garden, uniq_snorg, uniq_rupert
Lair:6:   cheibrodos_lair_end_hotspot, dpeg_slime_entry_enclosed_altar,
          grunt_forest_stairs_basic
Swamp:1:  nicolae_swamp_triple_paths, swamp_pool1
Swamp:2:  evilmike_swamp_ruin_house_2, uniq_nikola, uniq_jorgrun
Swamp:3:  evilmike_swamp_ruin_house_4, uniq_kirke
Swamp:4:  swamp
Spider:2: mumra_spider_spiderweb, nicolae_spider_stair_cavern
Orc:1:    abandoned_shop
Orc:2:    st_orc_town, serial_shops, nicolae_shop_overgrown_old_shop
Depths:1: serial_shops, shop, minmay_room_of_horrors,
          pf_vacation_house_of_asmodeus, hangedman_cracks_in_the_wall,
          infiniplex_staircase_pool_lava, uniq_enchantress
Depths:2: minmay_three_patterns, enter_ziggurat_c, kennysheep_boxes,
          abyss_entry, hell_entry, uniq_aizul
Sewer:    sewer_frog_island_02
Volcano:  volcano_grotto

Skill      XL: |  1  2  3  4  5  6  7  8  9 10 11 12 13 14 15 16 17 18 19 |
---------------+----------------------------------------------------------+-----
Stealth        | 6 7 8 10 13 16 19 | 19.0
Short Blades   | 3 4 5 7 9 10 11 12 13 | 13.4
Fighting       | 3 4 5 6 8 9 12 13 14 15 | 15.0
Throwing       | 3 7 10 11 | 11.2
Shields        | 3 6 7 |  7.1
Invocations    | 2 7 9 10 12 14 | 14.3
Dodging        | 1 3 7 |  7.5
Evocations     | 4 5 8 10 | 10.9
Armour         | 2 7 |  7.2

Action                   |  1- 3 |  4- 6 |  7- 9 | 10-12 | 13-15 | 16-18 | 19-21 || total
-------------------------+-------+-------+-------+-------+-------+-------+-------++-------
Melee: Dagger            |   106 |   106 |   591 |    34 |    29 |    66 |       ||   932
       Long sword        |       |    18 |       |       |       |       |       ||    18
       Rapier            |       |       |    12 |       |       |       |       ||    12
       Short sword       |       |       |       |   609 |  1174 |  1328 |   266 ||  3377
       Constrict         |       |       |       |       |   237 |   185 |    42 ||   464
 Fire: Blowgun           |     1 |     6 |       |       |       |       |       ||     7
Throw: Tomahawk          |     7 |     8 |     8 |     2 |    21 |    79 |    33 ||   158
 Cast: Magic Dart        |       |       |       |       |       |     3 |       ||     3
Invok: Slouch            |       |       |       |     1 |     5 |    10 |       ||    16
 Abil: Spit Poison       |     2 |     7 |     8 |     4 |     6 |       |       ||    27
       Evoke Invisibilit |       |       |       |       |     1 |    14 |       ||    15
       Stop Flying       |       |       |       |       |       |     2 |       ||     2
       Evoke Flight      |       |       |       |       |       |     2 |       ||     2
Evoke: Wand              |       |       |       |     3 |    19 |     8 |     1 ||    31
  Use: Scroll            |     3 |     3 |    15 |    10 |    19 |    21 |     1 ||    72
       Potion            |     1 |     2 |       |     3 |     1 |     5 |     3 ||    15
 Stab: Sleeping          |     9 |    21 |    37 |    41 |    39 |    15 |    13 ||   175
       Invisible         |       |     1 |       |       |     1 |    34 |       ||    36
       Distracted        |       |       |     3 |     5 |    16 |     9 |     1 ||    34
       Confused          |       |       |       |     2 |     1 |     1 |       ||     4
       Paralysed         |       |       |       |       |       |     1 |       ||     1
  Eat: Chunk             |     1 |     5 |    12 |     7 |     7 |     5 |     1 ||    38
       Beef jerky        |       |       |     1 |       |     2 |       |       ||     3
       Pizza             |       |       |     1 |     2 |     3 |       |       ||     6
       Fruit             |       |       |       |     6 |     9 |     2 |       ||    17
       Royal jelly       |       |       |       |       |     5 |     7 |       ||    12
       Meat ration       |       |       |       |       |       |     1 |       ||     1
Armor: Robe              |    36 |    24 |     6 |       |       |       |       ||    66
       Leather armour    |       |       |   214 |   148 |    72 |       |       ||   434
       Troll leather arm |       |       |       |       |   210 |   409 |   101 ||   720
Dodge: Dodged            |    76 |    39 |   251 |   162 |   304 |   540 |   204 ||  1576
Block: Buckler           |       |       |    47 |    27 |       |       |       ||    74
       Shield            |       |       |       |   295 |   759 |   965 |   242 ||  2261
       Rpst.: Long sword |       |     3 |       |       |       |       |       ||     3
